AoeStats
← 夏天九号

Arabian Desert

509529355Analyzed
1v1 RM · 5d ago on Sep 27, 2026· 42m 21s· 2 players
Game mode
Random Map
Map size
Tiny (2 player)
Population
200
Speed
Normal
Resources
Standard
Victory
Conquest
Starting age
Dark Age
Ending age
Imperial Age
RankedLock teamsTeams togetherTeam positionsShared explorationLock speedFull tech treeHidden civsTurbo modeCheats
Victory
Defeat
🇨🇳 Wei · China
1893
+13
🇪🇨 Maya · Ecuador
1834
-13
buscandobeiby11
0:26 Loom
9:02 Feudal Age
11:13 Double-Bit Axe
15:12 Fletching
17:34 Town Watch
20:27 Castle Age
18:24 Horse Collar
19:02 Gold Mining
19:33 Scale Mail Armor
21:04 Bodkin Arrow
21:13 Squires
20:37 Crossbowman
21:37 Padded Archer Armor
24:29 Wheelbarrow
24:33 Bow Saw
25:44 Leather Archer Armor
28:14 Ballistics
29:47 Eagle Warrior
30:43 Chain Mail Armor
31:36 Forging
38:06 Imperial Age
36:07 Hand Cart
37:59 Thumb Ring
38:54 Bracer
夏天九号
6:12 Loom
8:57 Feudal Age
9:26 Double-Bit Axe
9:22 Horse Collar
19:17 Castle Age
17:37 Fletching
18:45 Gold Mining
19:58 Bodkin Arrow
20:21 Bow Saw
24:06 Bloodlines
23:56 Husbandry
24:01 Padded Archer Armor
26:59 Ballistics
27:17 Wheelbarrow
28:13 Town Watch
28:44 Hand Cart
31:32 Thumb Ring
34:55 Leather Archer Armor
38:11 Scale Barding Armor
42:25 Chain Barding Armor
Connection lost

Rejoining the realm…

Still unreachable

The connection could not be restored.

Session expired

The server has moved on; the page needs a fresh start.